 Dungeon Crawl Stone Soup version 0.17.0-18-gaab0e96 (webtiles) character file.

184 TruthSerum the Skirmisher (level 5, -5/91 HPs)
             Began as an Ogre Berserker on Nov 11, 2015.
             Was a Priest of Trog.
             Slain by Blork the orc
             ... wielding a +1 halberd of protection
              (11 damage)
             ... on level 4 of the Dungeon.
             The game lasted 00:11:50 (3603 turns).

TruthSerum the Skirmisher (Ogre Berserker)          Turns: 3603, Time: 00:11:50

Health: -5/91      AC:  3    Str: 27    XL:     5   Next: 64%
Magic:  5/5        EV: 10    Int: 10    God:    Trog [***...]
Gold:   183        SH:  0    Dex: 10    Spells: 0 memorised, 4 levels left

rFire  . . .     SeeInvis .     a - +0 mace
rCold  . . .     Clarity  .     b - +0 animal skin
rNeg   . . .     SustAt   .     (no shield)
rPois  .         Gourm    .     (helmet restricted)
rElec  .         Spirit   .     (no cloak)
rCorr  .         Warding  .     (gloves unavailable)
rMut   .         Stasis   .     (boots unavailable)
MR     .....                    (no amulet)
Stlth  ..........               (no ring)
                                i - +4 ring of intelligence

@: berserking (expiring), very quick, not resistant to hostile enchantments,
extremely unstealthy
A: unfitting armour, tough skin 1
a: Berserk, Trog's Hand, Burn Spellbooks, Renounce Religion


You were on level 4 of the Dungeon.
You worshipped Trog.
Trog was most pleased with you.
You were not hungry.

You visited 1 branch of the dungeon, and saw 4 of its levels.

You collected 183 gold pieces.

Inventory:

Hand Weapons
 a - a +0 mace (weapon)
Armour
 b - a +0 animal skin (worn)
Jewellery
 i - a +4 ring of intelligence (left hand)
Wands
 u - a wand of disintegration (22)
Scrolls
 f - a scroll of magic mapping {unknown}
 h - a scroll of amnesia {unknown}
 j - a scroll of teleportation {unknown}
 k - a scroll of noise {unknown}
 n - a scroll of remove curse
 o - 2 scrolls of enchant armour {unknown}
 p - 2 scrolls of identify {unknown}
Potions
 d - a potion of mutation {unknown}
 e - a potion of lignification {unknown}
 g - a potion of brilliance {unknown}
 l - a potion of cure mutation {unknown}
 m - a potion of beneficial mutation {unknown}
 q - a potion of might {unknown}
 t - a potion of agility {unknown}
 v - a potion of ambrosia {unknown}
Comestibles
 c - 4 bread rations
 r - a chunk of flesh
 s - a meat ration


   Skills:
 + Level 6.6 Fighting
 + Level 6.1 Maces & Flails
 - Level 2.6 Dodging


You had 4 spell levels left.
You didn't know any spells.

Dungeon Overview and Level Annotations

Branches:
Dungeon (4/15)
 Temple: D:4-7

Altars:

Annotations:
D:4 Blork the orc


Innate Abilities, Weirdness & Mutations

You are too large for most types of armour.
You have tough skin (AC +1).


Message History

You thump Ijyb!
You feel the power of Trog in you as your rage grows.
You kill Ijyb!
Trog accepts your kill.
Your Maces & Flails skill increases to level 6!
The goblin hits you.
* * * LOW HITPOINT WARNING * * *
You bludgeon the goblin!!
You kill the goblin!
Trog accepts your kill.
Blork the orc points at you and mumbles some strange words.
The puff of flame hits you!
* * * LOW HITPOINT WARNING * * *
Items here: )) / [ † a dagger of speed; a leather armour; a wand of lightning {zapped: 4}; a dagger a goblin corpse You hit Blork the orc.
Blork the orc is lightly wounded.
Blork the orc hits you with a halberd of protection!
You die...

######'###......
+.......# ...#..
#.......+ ....#
#....)..# ....#.
#.......##$.....
+...............
####...........>
#####.)#..##
#@†# ..
#....o.....#
#.####..##.#
.... .. ..... ..
.#.#8.. .
+#.#....
..#8....


You could see Blork the orc.

Vanquished Creatures
  Ijyb (D:4)
  A worker ant (D:4)
  4 adders
  2 oozes
  6 worms
  5 giant geckos
  6 giant cockroaches
  11 goblins
  9 hobgoblins
  6 kobolds
  11 bats
  5 giant newts
  A quokka (D:3)
  8 rats
76 creatures vanquished.

Vanquished Creatures (others)
  A goblin (D:4)
1 creature vanquished.

Grand Total: 77 creatures vanquished

Notes
Turn   | Place    | Note
--------------------------------------------------------------
     0 | D:1      | TruthSerum the Ogre Berserker began the quest for the Orb.
     0 | D:1      | Reached XP level 1. HP: 24/24 MP: 1/1
   127 | D:1      | Reached XP level 2. HP: 3/33 MP: 2/2
   895 | D:1      | Reached ** piety under Trog
  1225 | D:2      | Reached XP level 3. HP: 32/40 MP: 3/3
  1425 | D:2      | Reached skill level 5 in Fighting
  2005 | D:2      | Reached skill level 5 in Maces & Flails
  2005 | D:2      | Reached XP level 4. HP: 50/50 MP: 4/4
  2925 | D:3      | Reached skill level 6 in Fighting
  3278 | D:3      | Reached *** piety under Trog
  3327 | D:3      | Reached XP level 5. HP: 52/59 MP: 5/5
  3571 | D:4      | Noticed Blork the orc
  3584 | D:4      | Noticed Ijyb
  3600 | D:4      | Killed Ijyb
  3603 | D:4      | Slain by Blork the orc

Action                   |  1- 3 |  4- 6 || total
-------------------------+-------+-------++-------
Melee: Mace              |   146 |   139 ||   285
Invok: Berserk           |       |     1 ||     1
  Use: Scroll            |     1 |       ||     1
 Stab: Sleeping          |       |     1 ||     1
  Eat: Chunk             |     4 |     5 ||     9
